Map: Tours du crépuscule

Players

Truefame

  • Race: Protoss Protoss
  • Spawn Location: 7:00

zidar - Winner!

  • Race: Zerg Zerg
  • League: Silver
  • Spawn Location: 1:00

VOD

Have the link to the VOD?

Description

Time

  • Played on: Feb. 6, 2016, 2:59 p.m.
  • Length: 9:36
Show
View Real Time Build Order
Export as new Build Order

Truefame Protoss 

Build Orders: Zealot Archon 

Get SALT Encoding   

  12  0:01  Probe (Chrono Boost)  
  13  0:12  Probe (Chrono Boost)  
  14  0:20  Pylon  
  14  0:23  Probe (Chrono Boost)  
  15  0:34  Pylon  
  15  0:38  Probe (Chrono Boost)  
  16  0:48  Probe (Chrono Boost)  
  17  0:51  Gateway  
  17  0:55  Assimilator  
  17  0:59  Probe (Chrono Boost)  
  18  1:09  Probe (Chrono Boost)  
  19  1:20  Probe (Chrono Boost)  
  20  1:31  Probe (Chrono Boost)  
  21  1:41  Probe (Chrono Boost), Cybernetics Core  
  22  1:48  Assimilator  
  22  1:52  Probe (Chrono Boost)  
  22  1:53  Gateway  
  23  1:55  Gateway  
  23  2:01  Pylon  
  23  2:02  Probe (Chrono Boost)  
  24  2:13  Probe (Chrono Boost)  
  25  2:18  Warp Gate (Chrono Boost)  
  25  2:22  Stalker  
  27  2:26  Mothership Core  
  29  2:33  Pylon  
  29  2:43  Pylon  
  29  2:46  Gateway  
  29  3:26  Nexus  
  29  3:30  Gateway  
  29  3:32  Gateway  
  29  3:51  Twilight Council  
  29  4:03  Gateway  
  29  4:14  Stalker  
  29  4:15  Stalker x2  
  29  4:16  Stalker  
  37  4:32  Pylon  
  36  4:40  Templar Archives, Zealot  
  38  4:46  Zealot  
  40  4:54  Zealot  
  32  5:04  Zealot  
  30  5:09  Zealot  
  25  5:18  Probe  
  24  5:29  High Templar  
  24  5:30  Probe  
  24  5:32  High Templar  
  29  5:36  Archon  
  29  5:46  Zealot  
  31  5:52  Zealot  
  31  5:55  Zealot  
  35  6:09  Probe  
  36  6:12  Probe  
  37  6:21  Probe  
  37  6:22  Probe  
  37  6:24  High Templar  
  41  6:27  High Templar  
  41  6:32  Archon  
  43  6:33  Probe (Chrono Boost)  
  43  6:34  Probe (Chrono Boost)  
  45  6:45  Probe x2 (Chrono Boost)  
  47  6:54  Psionic Storm  
  47  6:55  Probe x2 (Chrono Boost)  
  49  7:04  Probe  
  49  7:06  Probe  
  51  7:11  Assimilator  
  51  7:15  Probe, Assimilator  
  51  7:19  Probe  
  53  7:25  Probe  
  53  7:26  Zealot  
  56  7:31  Probe  
  56  7:32  Zealot  
  56  7:36  Probe  
  59  7:43  Probe  
  61  7:49  Zealot  
  63  7:52  Probe  
  63  7:55  Probe  
  65  8:03  Probe  
  66  8:07  Probe  
  66  8:09  High Templar  
  69  8:15  Pylon  
  69  8:16  Pylon  
  69  8:17  Pylon  
  69  8:21  Pylon  
  69  8:22  Probe  
  70  8:28  Probe  
  65  8:35  Probe  
  65  8:39  Probe  
  51  8:44  Stalker  
  51  8:45  Stalker  
  51  8:46  Stalker  
  53  8:57  High Templar x2  
  50  9:17  Archon  
Show
View Real Time Build Order
Export as new Build Order

zidar Zerg - Winner!

Build Orders: Pool First 

Get SALT Encoding   

  12  0:01  Drone  
  13  0:12  Overlord  
  13  0:17  Drone  
  14  0:30  Drone  
  14  0:31  Drone  
  14  0:34  Drone  
  17  0:48  Spawning Pool  
  17  0:49  Drone  
  17  1:13  Hatchery  
  17  1:15  Drone  
  17  1:19  Extractor  
  16  1:35  Queen  
  16  1:37  Drone  
  16  1:38  Drone  
  20  1:40  Drone  
  21  1:49  Overlord  
  21  2:01  Drone  
  22  2:38  Metabolic Boost  
  22  2:40  Zergling x6  
  25  2:50  Drone x5  
  25  2:51  Roach Warren, Drone  
  30  3:11  Overlord  
  30  3:16  Queen  
  31  3:44  Zergling x6  
  31  3:45  Zergling x6  
  37  3:58  Zergling x8  
  41  4:37  Drone x3  
  44  4:38  Overlord  
  44  4:39  Overlord x2  
  44  4:45  Hatchery  
  32  5:21  Roach x7  
  32  5:22  Roach x7  
  60  5:35  Lair  
  60  5:39  Extractor  
  57  5:45  Extractor  
  57  5:46  Extractor  
  55  5:51  Drone x3  
  58  5:58  Drone x6  
  58  6:00  Queen  
  66  6:07  Zergling x4  
  68  6:30  Roach  
  68  6:31  Roach x2  
  68  6:32  Overlord x3  
  74  6:33  Overlord  
  74  6:50  Ravager  
  75  6:55  Drone x10  
  75  6:58  Queen  
  87  7:12  Hydralisk Den  
  87  7:14  Overseer  
  86  7:24  Extractor x2  
  84  7:34  Zergling x2  
  84  7:35  Zergling x20  
  95  8:15  Overlord  
  95  8:16  Overlord  
  95  8:18  Hydralisk  
  95  8:19  Hydralisk x4  
Tags
 
Composition
Zealot Archon
League
Silver
Matchup
PvZ
Opening
Pool First
Spawn Locations
Cross Positions
Add a new tag
Caveats
  • Supply blocks, unpowered buildings, or Contaminate may cause inaccurate times.
  • Supply counts are checked every 10 seconds.